 Dungeon Crawl Stone Soup version 0.13-a0-2174-g3a0f4b0 (webtiles) character file.

1432 Kae the Chiller (level 8, -7/41 HPs)
             Began as a Deep Elf Ice Elementalist on July 1, 2013.
             Was a Believer of Vehumet.
             Killed by nerve-wracking pain
             ... invoked by an orc priest
              (8 damage)
             ... on Level 6 of the Dungeon.
             The game lasted 00:14:47 (6198 turns).

Kae the Chiller (Deep Elf Ice Elementalist)         Turns: 6198, Time: 00:14:48

HP  -7/41        AC  5     Str  7      XL: 8   Next: 38%
MP   2/8         EV 17     Int 21      God: Vehumet [**....]
Gold 64          SH  0     Dex 16      Spells:  5 memorised,  8 levels left

Res.Fire  : + . .   See Invis. : .   A - -4,-1 dagger "Amicil" {antimagic, rF+ Dex+ Res.Cold : . . . Warding : . a - +0 elf robe (curse) Life Prot.: . . . Conserve : . (no shield)
Res.Poison: .       Res.Corr.  : .   p - +0 helmet
Res.Elec. : .       Clarity    : .   (no cloak)
Sust.Abil.: . .     Spirit.Shd : .   t - +0 pair of orc gauntlets
Res.Mut.  : .       Stasis     : .   v - +0 pair of boots
Res.Rott. : .       Flight     : .   (no amulet)
Saprovore : . . .                    q - +4 ring of evasion
                                     (no ring)

@: slowed, very slow, somewhat resistant to hostile enchantments, fairly
stealthy
A: no striking features
a: Renounce Religion


You were on level 6 of the Dungeon.
You worshipped Vehumet.
Vehumet was greatly pleased with you.
You were hungry.

You visited 2 branches of the dungeon, and saw 7 of its levels.

You collected 261 gold pieces.
You spent 217 gold pieces at shops.

Inventory:

Hand weapons
 y - a +1,+1 orcish dagger of electrocution (quivered)
 A - the cursed -4,-1 dagger "Amicil" (weapon) {antimagic, rF+ Dex+1}
   (You bought it in a shop on level 6 of the Dungeon)

   It disrupts the flow of magical energy around spellcasters and certain
   magical creatures (including the wielder).
   It affects your dexterity (+1).
   It protects you from fire.
   It has a curse placed upon it.
Armour
 a - a cursed +0 elven robe (worn)
 p - a +0 helmet (worn)
 t - a +0 pair of orcish gauntlets (worn)
 v - a +0 pair of boots (worn)
Comestibles
 c - 8 bread rations
 f - 2 chokos
 h - 2 apples
 i - a pear
 j - a rotting chunk of ball python flesh
 m - 2 meat rations
 s - a snozzcumber
Scrolls
 n - a scroll of enchant weapon II
 u - a scroll of fear
 C - a scroll of enchant weapon I
Jewellery
 k - an uncursed ring of fire
 q - a +4 ring of evasion (right hand)
 D - an uncursed ring of teleport control
Potions
 d - a potion of slowing
 e - a potion of curing {unknown}
 g - a potion of mutation {unknown}
 l - 2 potions of restore abilities
 r - 2 potions of might
 x - 2 potions of flight
 z - a potion of poison {unknown}
Books
 b - a book of Frost

   Spells                             Type                      Level
   *Freeze                            Ice                          1
   *Throw Frost                       Conjuration/Ice              2
   *Ozocubu's Armour                  Charms/Ice                   3
   *Throw Icicle                      Conjuration/Ice              4
   Summon Ice Beast                   Ice/Summoning                4
   Condensation Shield                Ice                          4


   Skills:
 - Level 2.4 Dodging
 - Level 2.4 Stealth
 + Level 6.2 Spellcasting
 * Level 6.5 Conjurations
 * Level 7.6 Ice Magic


You had 8 spell levels left.
You knew the following spells:

 Your Spells              Type           Power        Failure   Level  Hunger
a - Freeze                Ice            ####         1%          1    None
b - Throw Frost           Conj/Ice       #####.       1%          2    None
c - Throw Icicle          Conj/Ice       #####...     6%          4    ###....
d - Ozocubu's Armour      Chrm/Ice       ###.......   10%         3    ##.....
e - Shock                 Conj/Air       ###.         2%          1    None


Dungeon Overview and Level Annotations

Branches:
Dungeon (6/27)             Temple (1/1) D:4
    Orc: D:6-11

Altars:
Elyvilon
Fedhas
Kikubaaqudgha
Makhleb
Nemelex Xobeh
Sif Muna
Trog
Vehumet
Xom

Shops:
D:6: (

Annotations
D:1 1 exclusion
D:5 exclusion: orc wizard


Message History

* * * LOW HITPOINT WARNING * * *
You see here a throwing net [torn].
Read which item? (? for menu, Esc to quit)
As you read the scroll of fear, it crumbles to dust.
You assume a fearsome visage.
The orc wizard looks frightened!
The orc looks frightened!
The orc priest calls upon Beogh to heal the orc wizard.
The orc wizard's wounds heal themselves!
You struggle against the net.
The orc priest glows brightly for a moment.
The orc gives up.
You slice the net and break free!
The orc wizard gestures wildly while chanting.
The orc wizard blinks!
The orc priest invokes the aid of Beogh against you.
Something smites you!
* * * LOW HITPOINT WARNING * * *
The orc priest invokes the aid of Beogh against you.
Pain shoots through your body!
You die...

#..♣......♣......# #.#.#
##...............# #.#.#
#...♣..♣........###.#.# ###
##.....(......<.......# ..#
##.....#########.....# ### ..#
#)########....#.....# #.. ..# #.#
#............# #.. ..## #.#
#.#....##....# #.. ...# #o#
#@#...)##....# #.. ...# #(#
#.#..(.##....# #..
...######.######......###(#.###..
..........o....o.....>.()).......
..........######.....######.###..
...######## #....(............
..o.. #...o.######.###.. ......
####§...........###.. .....##
####....................


You could see an orc priest and an orc (fleeing).

Vanquished Creatures
  The ghost of smajdalf the Ruinous, an average DrCj (D:4)
  3 ogres
  A sky beast (D:5)
  A phantom (D:4)
  A centaur (D:6)
  A gnoll sergeant (D:6)
  An orc priest (D:3)
  4 crimson imps
  A hound (D:6)
  2 worker ants
  3 orc wizards
  2 scorpions
  A jelly (D:5)
  7 gnolls
  7 adders
  2 giant mites
  An iguana skeleton (D:6)
  4 worms
  A bat skeleton (D:6)
  8 giant geckos
  3 oozes
  19 orcs
  4 giant cockroaches
  8 goblins
  11 hobgoblins
  4 quokkas
  A ball python (D:6)
  10 bats
  10 giant newts
  A goblin skeleton (D:4)
  A hobgoblin zombie (D:6)
  12 kobolds
  A kobold skeleton (D:5)
  2 orc skeletons
  11 rats
150 creatures vanquished.

Vanquished Creatures (others)
  A quokka (D:3)
  A rat (D:4)
  A plant (D:1)
3 creatures vanquished.

Grand Total: 153 creatures vanquished

Notes
Turn   | Place    | Note
--------------------------------------------------------------
     0 | D:1      | Kae, the Deep Elf Ice Elementalist, began the quest for the Orb.
     0 | D:1      | Reached XP level 1. HP: 10/10 MP: 4/4
   404 | D:1      | Reached XP level 2. HP: 6/15 MP: 1/7
   670 | D:1      | Learned a level 2 spell: Throw Frost
  1310 | D:2      | Reached XP level 3. HP: 8/19 MP: 5/10
  1387 | D:2      | Reached skill level 4 in Ice Magic
  2046 | D:4      | Reached XP level 4. HP: 22/24 MP: 6/13
  2103 | D:4      | Found a staircase to the Ecumenical Temple.
  2136 | Temple   | Entered the Ecumenical Temple
  2142 | Temple   | Became a worshipper of Vehumet
  2380 | D:4      | Noticed an ogre
  2411 | D:4      | Killed an ogre
  2411 | D:4      | Reached skill level 5 in Ice Magic
  2411 | D:4      | Reached XP level 5. HP: 28/28 MP: 6/16
  2547 | D:4      | Noticed a phantom
  2564 | D:4      | Noticed an ogre
  2793 | D:3      | Reached XP level 6. HP: 32/32 MP: 16/19
  2825 | D:3      | Learned a level 4 spell: Throw Icicle
  2829 | D:3      | Learned a level 3 spell: Ozocubu's Armour
  2968 | D:3      | Acquired Vehumet's first power
  2968 | D:3      | Offered knowledge of Shock by Vehumet.
  2973 | D:3      | Learned a level 1 spell: Shock
  3046 | D:3      | Found a bloodstained altar of Trog.
  3192 | D:3      | Found a blossoming altar of Fedhas.
  3202 | D:3      | Found an ancient bone altar of Kikubaaqudgha.
  3207 | D:3      | Found a burning altar of Makhleb.
  3340 | D:4      | Killed a phantom
  3376 | D:4      | Noticed smajdalf's ghost (average DrCj)
  3475 | D:4      | Killed smajdalf's ghost
  3475 | D:4      | Reached skill level 6 in Ice Magic
  3475 | D:4      | Reached XP level 7. HP: 24/36 MP: 8/21
  3599 | D:4      | Killed an ogre
  3599 | D:4      | Reached skill level 5 in Spellcasting
  3599 | D:4      | Reached skill level 5 in Conjurations
  3874 | D:5      | Entered Level 5 of the Dungeon
  4948 | D:5      | Offered knowledge of Force Lance by Vehumet.
  5085 | D:5      | Reached skill level 7 in Ice Magic
  5311 | D:6      | Found a sparkling altar of Nemelex Xobeh.
  5456 | D:6      | Reached XP level 8. HP: 36/41 MP: 6/24
  5792 | D:6      | Found Thrurauki's Antique Weapon Shoppe.
  5808 | D:6      | Bought an ichor-stained dagger for 217 gold pieces
  5809 | D:6      | Identified the cursed dagger "Amicil" {antimagic, rF+ Dex+1} (You bought it in a shop on level 6 of the Dungeon)
  5948 | D:6      | Offered knowledge of Dazzling Spray by Vehumet.
  6198 | D:6      | HP: 1/41 [orc priest/divine providence (10)]
  6198 | D:6      | Killed from afar by an orc priest

Action                   |  1- 3 |  4- 6 |  7- 9 || total
-------------------------+-------+-------+-------++-------
Melee: Unarmed           |     7 |     7 |     9 ||    23
       Dagger            |       |       |    11 ||    11
 Cast: Freeze            |    67 |    72 |    84 ||   223
       Throw Frost       |     2 |     9 |    67 ||    78
       Shock             |       |    20 |    20 ||    40
       Ozocubu's Armour  |       |     1 |     1 ||     2
  Use: Scroll            |    13 |     1 |    12 ||    26
       Potion            |       |       |     2 ||     2
 Stab: Sleeping          |     1 |       |       ||     1
